Map: Frozen Temple

Players

Miszu - Winner!

  • Race: Terran Terran
  • League: Master

Blood

  • Race: Zerg Zerg
  • League: Master

VOD

Have the link to the VOD?

Description

Time

  • Played on: June 29, 2016, 10:31 a.m.
  • Length: 9:03
Show
View Real Time Build Order
Export as new Build Order

Miszu Terran - Winner!

Build Orders: Reaper Expand, MMM Bio 

Get SALT Encoding   

  12  0:00  SCV  
  13  0:13  SCV  
  14  0:17  Supply Depot  
  14  0:25  SCV  
  15  0:39  Barracks, SCV  
  16  0:44  Refinery  
  16  0:51  SCV  
  17  1:03  SCV  
  18  1:16  SCV  
  19  1:28  Reaper, Orbital Command  
  20  1:40  Command Center  
  20  1:51  Supply Depot  
  20  1:54  SCV  
  21  2:01  Barracks Reactor  
  21  2:06  SCV  
  22  2:09  Refinery  
  22  2:18  SCV  
  22  2:21  Factory  
  23  2:30  SCV  
  24  2:39  Marine x2  
  24  2:43  SCV  
  27  2:53  Orbital Command  
  27  2:55  SCV  
  27  2:57  Marine x2  
  30  3:05  Starport, Factory Tech Lab  
  30  3:07  SCV, Factory Reactor  
  31  3:12  Supply Depot  
  31  3:14  Marine  
  31  3:15  Marine  
  31  3:19  SCV  
  34  3:20  SCV  
  35  3:31  SCV  
  35  3:32  SCV  
  35  3:33  Marine  
  35  3:34  Marine  
  39  3:43  SCV  
  39  3:44  SCV  
  40  3:51  Marine x2  
  40  3:53  Medivac x2  
  40  3:54  Widow Mine  
  40  3:55  SCV  
  49  3:56  SCV  
  49  3:58  Supply Depot  
  50  4:06  Command Center  
  50  4:14  SCV  
  50  4:16  SCV  
  52  4:17  Marine x2  
  52  4:18  Supply Depot  
  54  4:26  SCV  
  54  4:29  SCV  
  56  4:34  Engineering Bay  
  56  4:35  Engineering Bay  
  56  4:37  Liberator  
  56  4:38  SCV  
  57  4:39  Barracks  
  57  4:41  Barracks, SCV  
  58  4:50  SCV  
  58  4:52  Refinery x2  
  59  4:53  SCV  
  59  4:54  Factory Tech Lab  
  63  5:02  SCV, Liberator  
  60  5:12  Marine x2  
  60  5:13  Siege Tank  
  65  5:15  SCV  
  65  5:20  SCV  
  71  5:25  Orbital Command  
  71  5:27  SCV  
  71  5:30  Marine  
  72  5:36  Marine  
  72  5:39  Barracks Tech Lab x2  
  67  5:44  SCV  
  67  5:45  Siege Tank  
  67  5:49  SCV  
  72  5:50  Terran Infantry Weapons Level 1, Terran Infantry Armor Level 1  
  72  5:55  SCV  
  72  5:56  Barracks  
  72  5:57  Barracks, SCV  
  74  5:59  Supply Depot, Marine  
  74  6:01  Supply Depot, Stimpack  
  74  6:02  Marine x2  
  77  6:05  SCV  
  77  6:13  Marine  
  77  6:17  Marine, Orbital Command  
  78  6:19  Supply Depot  
  78  6:20  Supply Depot, Marine x2  
  80  6:28  SCV x2  
  80  6:31  Marine, Siege Tank, Armory  
  80  6:32  Medivac  
  88  6:34  Marine  
  88  6:37  Marine  
  90  6:40  SCV x2  
  90  6:44  SCV  
  95  6:48  Barracks Reactor x2, Combat Shields  
  95  6:52  SCV x2  
  95  6:56  SCV  
  95  7:01  Marine x4  
  97  7:04  SCV x2  
  97  7:05  Bunker  
  97  7:07  Supply Depot  
  97  7:08  SCV  
  103  7:09  Supply Depot  
  103  7:13  Supply Depot  
  103  7:16  SCV x2  
  103  7:19  Marine x3  
  103  7:20  SCV  
  109  7:26  Marine  
  109  7:27  Marine  
  111  7:30  Marine  
  111  7:32  Marine x2  
  111  7:33  Medivac x2  
  111  7:36  Marine x2  
  111  7:37  Marine  
  119  7:40  Barracks x2  
  119  7:41  Refinery  
  119  7:42  Barracks  
  118  7:50  Marine x4, Marauder  
  124  7:54  Marine x2  
  124  7:55  Marauder  
  128  8:01  Supply Depot  
  128  8:02  Supply Depot  
  128  8:03  Medivac x2, SCV  
  133  8:09  Marine x4  
  133  8:11  Marine  
  133  8:12  Marine x2  
  140  8:23  Marauder  
  140  8:27  Marine x3, Barracks Tech Lab x2  
  142  8:30  Supply Depot, Marauder  
  142  8:31  Supply Depot  
  142  8:32  Barracks Tech Lab  
  142  8:33  Supply Depot, Medivac  
  149  8:37  Marine x2  
  151  8:43  SCV  
Show
View Real Time Build Order
Export as new Build Order

Blood Zerg 

Build Orders: Hatch First 

Get SALT Encoding   

  12  0:02  Drone  
  13  0:14  Overlord  
  13  0:21  Drone  
  14  0:34  Drone x2  
  16  0:36  Drone  
  17  0:55  Hatchery  
  16  0:57  Drone  
  16  0:58  Drone  
  18  1:12  Extractor  
  18  1:13  Spawning Pool  
  18  1:16  Drone  
  17  1:20  Drone  
  18  1:30  Drone  
  19  1:41  Overlord  
  19  1:59  Queen  
  19  2:01  Zergling x2  
  22  2:02  Zergling x2  
  22  2:07  Queen  
  22  2:08  Drone  
  26  2:13  Metabolic Boost  
  26  2:17  Drone  
  26  2:19  Drone  
  28  2:32  Extractor  
  28  2:35  Drone x3  
  30  2:41  Overlord  
  30  2:51  Queen  
  30  2:53  Extractor  
  30  2:56  Zergling x4  
  30  2:58  Drone  
  35  3:10  Drone x2  
  35  3:24  Drone x4  
  35  3:25  Drone x3  
  42  3:29  Baneling Nest  
  40  3:54  Overlord x3  
  40  3:56  Hatchery  
  40  4:02  Drone  
  40  4:03  Drone x4  
  44  4:10  Drone, Evolution Chamber  
  44  4:11  Drone, Evolution Chamber  
  44  4:20  Drone  
  44  4:21  Drone x7  
  52  4:31  Extractor  
  51  4:37  Zergling x2  
  51  4:38  Zergling x2  
  53  4:40  Zerg Melee Weapons Level 1, Zerg Ground Armor Level 1  
  53  4:42  Lair  
  53  4:47  Extractor  
  53  4:49  Zergling x6  
  55  4:54  Spore Crawler  
  48  5:09  Spore Crawler  
  48  5:20  Queen  
  50  5:23  Baneling x3  
  48  5:29  Zergling x2  
  48  5:30  Zergling x16  
  55  5:36  Spore Crawler  
  55  5:42  Zergling x8  
  57  5:47  Queen  
  57  5:49  Extractor  
  58  5:52  Baneling x4  
  58  5:53  Drone  
  58  5:54  Drone x4  
  63  5:58  Spore Crawler  
  63  6:03  Drone x2  
  63  6:04  Drone x3  
  64  6:08  Drone  
  67  6:12  Spore Crawler  
  67  6:16  Overlord  
  67  6:17  Overlord, Drone  
  67  6:31  Drone  
  67  6:32  Drone x3  
  68  6:37  Spire  
  67  6:49  Drone x4  
  67  6:50  Drone x4  
  75  7:16  Drone  
  74  7:23  Spore Crawler  
  72  7:35  Drone x6  
  72  7:36  Drone x9  
  78  7:56  Extractor  
  78  7:58  Queen  
  79  8:08  Mutalisk  
  79  8:11  Overlord x5  
  81  8:31  Drone x4  
  81  8:32  Drone  
  85  8:34  Baneling x2  
  85  8:35  Overseer x2  
  85  8:37  Mutalisk  
  85  8:38  Mutalisk x5, Hatchery  
  96  8:42  Zergling x2  
  96  8:43  Zergling x4  
Tags
 
Add a new tag
Caveats
  • Supply blocks, unpowered buildings, or Contaminate may cause inaccurate times.
  • Supply counts are checked every 10 seconds.